 Dungeon Crawl Stone Soup version 0.25.1-9-gc5326a611f (webtiles) character file.

Game seed: 7517228954301614086

3665 sahdkjhfkaj the Markscentaur (level 9, -2/75 HPs)
             Began as a Centaur Hunter on Dec 28, 2020.
             Was an Elder of Okawaru.
             Slain by a red ugly thing (14 damage)
             ... on level 8 of the Dungeon.
             The game lasted 00:13:51 (9794 turns).

sahdkjhfkaj the Markscentaur (Centaur Hunter)       Turns: 9794, Time: 00:13:51

Health: -2/75      AC: 15    Str: 24    XL:     9   Next: 89%
Magic:  9/9        EV:  6    Int: 10    God:    Okawaru [****..]
Gold:   430        SH:  5    Dex: 10    Spells: 8/8 levels left

rFire    . . .     SeeInvis .   a - +1 shortbow
rCold    . . .     Gourm    .   (shield currently unavailable)
rNeg     . . .     Faith    .   z - +0 plate armour
rPois    .         Spirit   .   i - +0 helmet
rElec    .         Reflect  +   h - +1 cloak
rCorr    .         Harm     .   (no gloves)
MR       .....                  C - +0 centaur barding
Stlth    ..........             y - amulet of reflection
HPRegen  0.22/turn              c - +6 ring of strength
MPRegen  0.11/turn              m - +4 ring of evasion

@: about to teleport, very quick
A: large, hooves 3, deformed body, speed 2, tough skin 3
a: Heroism, Renounce Religion


You were on level 8 of the Dungeon.
You worshipped Okawaru.
Okawaru was greatly pleased with you.
You were not hungry.

You visited 1 branch of the dungeon, and saw 8 of its levels.

You collected 430 gold pieces.

Inventory:

Hand Weapons
 a - a +1 shortbow (weapon)
 b - a +1 dagger of venom
Missiles
 d - 40 arrows (quivered)
Armour
 h - a +1 cloak (worn)
 i - a +0 helmet (worn)
 z - a +0 plate armour (worn)
 C - a +0 centaur barding (worn)
Jewellery
 c - a +6 ring of strength (left hand)
 m - a +4 ring of evasion (right hand)
 y - an amulet of reflection (around neck)
 A - a cursed ring of attention {unknown}
Wands
 B - a wand of disintegration (7)
Scrolls
 g - a scroll of enchant armour
 l - 3 scrolls of remove curse
 n - a scroll of blinking {unknown}
 o - 8 scrolls of identify {unknown}
 p - 3 scrolls of enchant weapon {unknown}
 q - 2 scrolls of magic mapping {unknown}
 s - a scroll of amnesia {unknown}
 t - a scroll of fear {unknown}
 u - 2 scrolls of teleportation {!r}
Potions
 e - a potion of ambrosia {unknown}
 j - 2 potions of mutation {unknown}
 k - a potion of haste {unknown}
 r - a potion of degeneration {unknown}
 v - 2 potions of heal wounds
 w - 2 potions of brilliance {unknown}
 x - 3 potions of berserk rage {unknown}
Comestibles
 f - 9 rations


   Skills:
 - Level 6.0 Fighting
 - Level 2.0 Short Blades
 + Level 16.2 Bows
 - Level 1.3 Dodging
 - Level 0.4 Stealth


You had 8 spell levels left.
You didn't know any spells.
Your spell library contained the following spells:

 Spells                   Type           Power        Failure   Level  Hunger
 Beastly Appendage        Tmut           #.....       100%        1    ##.....
 Sticks to Snakes         Tmut           #.......     100%        2    ###....
 Confusing Touch          Hex            #.......     100%        3    ####...
 Gell's Gravitas          Tloc           #.........   100%        3    ####...
 Spider Form              Tmut/Pois      #.........   100%        3    ####...
 Ice Form                 Ice/Tmut       #.......     100%        4    #####..
 Petrify                  Tmut/Erth      #.......     100%        4    #####..
 Blade Hands              Tmut           #.........   100%        5    ######.
 Metabolic Englaciation   Hex/Ice        #.........   100%        5    ######.
 Yara's Violent Unravell  Hex/Tmut       #.........   100%        5    ######.


Dungeon Overview and Level Annotations

Branches:
Dungeon (9/15)             Temple (0/1) D:5
   Lair: D:8-11         Orc: D:9-12

Altars:
Dithmenos
Okawaru
Qazlal
Uskayaw

Shops:
D:6 :


Innate Abilities, Weirdness & Mutations

You have hooves in place of feet.
Armour fits poorly on your strangely shaped body.
You cover ground very quickly.
You have extremely tough skin. (AC +3)


Message History

The red ugly thing is severely wounded.
Firing (i - inventory)
d - 42 arrows (quivered)
Press: ? - help, Shift-Dir - straight line, f/p - red ugly thing
Aim: a red ugly thing (severely wounded)
You shoot an arrow.
The arrow closely misses the red ugly thing.
The red ugly thing tentacle-slaps you!
You are engulfed in flames!
* * * LOW HITPOINT WARNING * * *
Firing (i - inventory)
d - 41 arrows (quivered)
Press: ? - help, Shift-Dir - straight line, f/p - red ugly thing
Aim: a red ugly thing (severely wounded)
You shoot an arrow. The arrow hits the red ugly thing!
The red ugly thing is severely wounded.
Okay, then.
Really read
u - 3 scrolls of teleportation {!r}?
As you read the scroll of teleportation {!r}, it crumbles to dust.
You feel strangely unstable. The red ugly thing tentacle-slaps you!
* * * LOW HITPOINT WARNING * * *
You are engulfed in flames!
You die...

####...#....
###...(..#....
##...(.........
#.............#
#............##
###..(.###.....##
##.#.(...##.......
#.u.(...)......##.
#@O.............##
##............#...
##....###....#.#...
#......#....###....
##"...###...# #....
###### #..## #....
#### ##... #....
#....


You could see a red ugly thing and a two-headed ogre.

Vanquished Creatures
  Prince Ribbit (D:5)
  A hippogriff (D:8)
  A water moccasin (D:9)
  2 orc warriors
  A black bear (D:9)
  4 phantoms
  An eye of draining (D:9)
  4 ogres
  A centaur (D:8)
  A crocodile (D:8)
  4 bullfrogs
  5 killer bees (D:4)
  3 howler monkeys
  2 crimson imps (D:5)
  A bullfrog zombie (D:5)
  7 orc priests
  2 bullfrog skeletons
  5 hounds
  3 jellies (D:6)
  2 iguanas (D:4)
  A centaur skeleton (D:4)
  8 orc wizards
  4 worker ants
  3 hound skeletons
  A hound zombie (D:6)
  6 gnolls
  10 adders
  A river rat (D:3)
  A shadow imp (D:5)
  An adder skeleton (D:4)
  3 worms
  2 dart slugs (D:1)
  5 leopard geckos
  35 orcs
  A ball python (D:3)
  10 bats
  9 giant cockroaches
  8 goblins
  8 hobgoblins
  5 jackals
  3 kobolds
  7 quokkas
  5 frilled lizards
  16 rats
204 creatures vanquished.

Notes
Turn   | Place    | Note
-------+----------+-------------------------------------------
     0 | D:1      | sahdkjhfkaj the Centaur Hunter began the quest for the Orb.
     0 | D:1      | Reached XP level 1. HP: 17/17 MP: 1/1
   413 | D:1      | Reached skill level 1 in Short Blades
   444 | D:1      | Reached XP level 2. HP: 24/24 MP: 2/2
  1120 | D:1      | Reached XP level 3. HP: 29/30 MP: 3/3
  1249 | D:2      | You fall into a shaft and drop 2 floors!
  1278 | D:4      | Reached XP level 4. HP: 30/39 MP: 4/4
  1382 | D:2      | Found an iron altar of Okawaru.
  1404 | D:2      | Became a worshipper of Warmaster Okawaru
  1818 | D:2      | Found a shadowy altar of Dithmenos.
  2113 | D:2      | Reached XP level 5. HP: 33/47 MP: 5/5
  2232 | D:2      | Reached skill level 5 in Fighting
  3139 | D:3      | Reached XP level 6. HP: 54/57 MP: 6/6
  3793 | D:3      | Reached skill level 6 in Bows
  3963 | D:4      | Reached * piety under Okawaru
  4014 | D:3      | Reached skill level 7 in Bows
  4196 | D:4      | Reached XP level 7. HP: 48/63 MP: 7/7
  4243 | D:4      | Reached skill level 8 in Bows
  4783 | D:4      | Reached skill level 9 in Bows
  5352 | D:4      | Reached ** piety under Okawaru
  5361 | D:4      | Reached skill level 10 in Bows
  5655 | D:4      | Reached XP level 8. HP: 33/70 MP: 8/8
  5671 | D:4      | Reached skill level 11 in Bows
  5695 | D:4      | HP: 3/70 [poisoned by a killer bee]
  5700 | D:4      | HP: 3/70 [poisoned by a killer bee]
  5707 | D:4      | HP: 2/70 [poisoned by a killer bee]
  5715 | D:4      | HP: 2/70 [poisoned by a killer bee]
  6206 | D:5      | Entered Level 5 of the Dungeon
  6259 | D:5      | Noticed Prince Ribbit
  6274 | D:5      | Killed Prince Ribbit
  6437 | D:5      | Reached skill level 12 in Bows
  6474 | D:5      | Found a staircase to the Ecumenical Temple.
  7187 | D:5      | Reached skill level 13 in Bows
  7286 | D:5      | Found a hide-covered altar of Uskayaw.
  7347 | D:5      | Reached *** piety under Okawaru
  7902 | D:6      | Reached XP level 9. HP: 74/75 MP: 9/9
  8280 | D:6      | Found a sand-covered staircase.
  8326 | D:6      | Reached skill level 14 in Bows
  8429 | D:6      | Got a sparkling zirconium amulet
  8438 | D:6      | Found Rama's Book Boutique.
  8759 | D:6      | You fall into a shaft and drop 3 floors!
  8763 | D:9      | Found a stormy altar of Qazlal.
  8965 | D:9      | Reached skill level 15 in Bows
  9004 | D:9      | Reached **** piety under Okawaru
  9007 | D:9      | HP: 3/75 [orc/+0 flail (6)]
  9611 | D:8      | Identified the amulet "Cikkusal" {RegenMP *Slow rPois rF+}
                  | (You found it on level 6 of the Dungeon)
  9742 | D:8      | Noticed a red ugly thing
  9748 | D:8      | Noticed a two-headed ogre
  9752 | D:8      | Reached skill level 16 in Bows
  9794 | D:8      | Slain by a red ugly thing

Illustrated notes

Levels and vault maps discovered:
D:1:      dpeg_arrival_ratfight, layout_basic
D:2:      layout_rooms, grunt_dithmenos_smoke, lemuel_crystal_altar
D:3:      layout_loops_cross, gup_sewer_entry_spiral, kennysheep_generic_room_13
D:4:      minmay_evil_eye, layout_layer_cave,
          minmay_a_box_with_orc_wizards_in_it
D:5:      layout_basic, overflow_temple_1_default, minmay_temple_entry_grid,
          first_ration, uniq_prince_ribbit1
D:6:      layout_loops_ring, enter_ossuary_1, serial_shops,
          nicolae_shop_statue_plus
D:8:      layout_cave_pools
D:9:      layout_rooms, led_sif_book, grunt_qazlal_clouds, hiddenorc1_lemuel,
          kennysheep_crisscross

Skill      XL: |  1  2  3  4  5  6  7  8  9 |
---------------+----------------------------+-----
Short Blades   | 1 2 |  2.0
Fighting       | 3 4 5 6 |  6.0
Bows           | 7 10 13 16 | 16.2
Dodging        | |  1.3
Stealth        | |  0.4

Action                   |  1- 3 |  4- 6 |  7- 9 || total
-------------------------+-------+-------+-------++-------
Melee: Short sword       |   100 |   247 |    46 ||   393
       Kick              |    22 |    68 |   153 ||   243
       Dagger            |       |       |   367 ||   367
 Fire: Shortbow          |     6 |    13 |    44 ||    63
Evoke: Wand              |       |       |     6 ||     6
  Use: Scroll            |       |     5 |     1 ||     6
       Potion            |       |     2 |     2 ||     4
  Eat: Chunk             |       |     9 |     6 ||    15
       Ration            |       |       |     3 ||     3
Armor: Scale mail        |    49 |    94 |    49 ||   192
       Leather armour    |     2 |       |       ||     2
       Plate armour      |       |       |   123 ||   123
Dodge: Dodged            |    43 |   151 |   185 ||   379
Block: Other             |       |       |     2 ||     2
